 Dungeon Crawl Stone Soup version 0.16-a0-3105-gd90c058 (webtiles) character file.

77396 PolkaDot the Convoker (level 15, -6/110 HPs)
             Began as a Vampire Summoner on Dec 12, 2014.
             Was the Champion of Sif Muna.
             Mangled by an alligator (22 damage)
             ... on level 4 of the Swamp.
             The game lasted 03:15:23 (30347 turns).

PolkaDot the Convoker (Vampire Summoner)           Turns: 30347, Time: 03:15:23

Health: -6/110     AC: 12    Str:  7    XL:     15   Next: 15%
Magic:  19/27      EV: 21    Int: 28    God:    Sif Muna [******]
Gold:   2438       SH:  0    Dex: 18    Spells: 6 memorised, 3 levels left

rFire  + + +     SeeInvis +     w - +4 lajatang (elec)
rCold  + + .     Clarity  +     H - +2 leather armour "Xithiz" {rF+}
rNeg   + + +     SustAb   .     (no shield)
rPois  +         Gourm    .     C - +2 hat {Int+3}
rElec  .         Spirit   .     n - +0 cloak
rCorr  .         Warding  .     Q - +0 pair of gloves
rMut   .         Stasis   .     r - +2 pair of boots of the Assassin {Stlth++}
MR     +....                    R - amulet of regeneration
Stlth  +++++++...               s - ring "Rasmoy" {EV+3 Slay+4}
                                D - ring "Fiusolig" {rF+ Int+3 Dex+4}

@: regenerating slowly, somewhat resistant to hostile enchantments, extremely
stealthy
A: bottle blood, fangs 3, see invisible, clarity, fire resistance 1, unbreathing
a: Bat Form, Channel Energy, Forget Spell, Renounce Religion


You were on level 4 of the Swamp.
You worshipped Sif Muna.
Sif Muna was exalted by your worship.
You were near bloodless.

You visited 4 branches of the dungeon, and saw 26 of its levels.
You also visited: Ossuary, Bailey and Ice Cave.

You collected 2606 gold pieces.
You spent 168 gold pieces at shops.

Inventory:

Hand weapons
 w - a +4 lajatang of electrocution (weapon)
Missiles
 o - 2 throwing nets (quivered)
Armour
 n - a +0 cloak (worn)
 r - the +2 pair of boots of the Assassin (worn) {Stlth++}
   (You found it in a bailey)

   It makes you much more stealthy.
 C - a +2 hat of intelligence (worn)
 H - the +2 leather armour "Xithiz" (worn) {rF+}
   (You found it on level 2 of the Swamp)

   It protects you from fire.
 Q - a +0 pair of gloves (worn)
Magical staves
 a - an uncursed staff of wizardry
Jewellery
 s - the ring "Rasmoy" (right hand) {EV+3 Slay+4}
   (You found it in an ice cave)

   [ring of evasion]

   It affects your evasion (+3).
   It affects your accuracy and damage with ranged weapons and melee attacks
   (+4).
 z - an uncursed amulet of resist corrosion
 D - the ring "Fiusolig" (left hand) {rF+ Int+3 Dex+4}
   (You found it in an ice cave)

   [ring of protection from fire]

   It affects your intelligence (+3).
   It affects your dexterity (+4).
   It protects you from fire.
 R - an amulet of regeneration (around neck)
Magical devices
 b - a wand of digging (9)
 K - a wand of cold (11)
 O - a wand of hasting (0)
 W - a wand of teleportation (5)
Scrolls
 i - a scroll of fear
 k - 5 scrolls of teleportation
 l - 7 scrolls of recharging
 m - 2 scrolls of enchant armour
 p - 2 scrolls of amnesia
 q - a scroll of brand weapon
 y - 6 scrolls of remove curse
 I - a scroll of fog
 J - 2 scrolls of torment
 M - a scroll of silence {unknown}
 N - a scroll of acquirement {unknown}
 U - 4 scrolls of immolation
 V - 2 scrolls of blinking
 Z - 2 scrolls of magic mapping
Potions
 c - a potion of resistance
 d - a potion of magic
 e - 5 potions of restore abilities
 h - 2 potions of brilliance
 j - a potion of cure mutation {!q}
 t - a potion of agility
 u - 4 potions of flight
 v - a potion of invisibility
 x - 2 potions of heal wounds
 B - 3 potions of curing
 S - a potion of might
Books
 f - Sif Muna's Guide on Calling {god gift}
   (Sif Muna gifted it to you on level 6 of the Lair of Beasts)

   Spells                             Type                      Level
   a - Summon Butterflies             Summoning                    1
   b - Summon Small Mammal            Summoning                    1
   c - Shadow Creatures               Summoning                    5
   d - Aura of Abjuration             Summoning                    6
 E - an Akashic Record {highlevel, unknown}

   This book is beyond your current level of understanding.

   Spells                             Type                      Level
   a - Dispersal                      Translocation                6
   b - Controlled Blink               Translocation                7
   c - Malign Gateway                 Summoning/Translocation      7
   d - Disjunction                    Translocation                8
   e - Singularity                    Translocation                9
 F - Sif Muna's Collected Works on Aid {god gift}
   (Sif Muna gifted it to you on level 8 of the Lair of Beasts)

   Spells                             Type                      Level
   a - Repel Missiles                 Charms/Air                   2
   b - Spectral Weapon                Hexes/Charms                 3
   c - Deflect Missiles               Charms/Air                   6
 P - a Necronomicon {highlevel, unknown}

   This book is beyond your current level of understanding.

   Spells                             Type                      Level
   a - Haunt                          Necromancy/Summoning         7
   b - Borgnjor's Revivification      Necromancy                   8
   c - Death's Door                   Charms/Necromancy            8
   d - Necromutation                  Transmutation/Necromancy     8
 T - a book of Summonings

   Spells                             Type                      Level
   a - Abjuration                     Summoning                    3
   b - Recall                         Summoning/Translocation      3
   c - Shadow Creatures               Summoning                    5
   d - Summon Demon                   Summoning                    5
   e - Summon Forest                  Summoning/Translocation      5
   f - Monstrous Menagerie            Summoning                    6


   Skills:
 - Level 8.2 Fighting
 * Level 9.8 Staves
 + Level 9.2 Dodging
 - Level 10.1 Stealth
 - Level 5.1 Spellcasting
 - Level 5.0 Hexes
 - Level 5.0 Charms
 + Level 15.4 Summonings
 - Level 5.0 Translocations
 - Level 5.2 Ice Magic
 - Level 5.8 Air Magic
 - Level 6.2 Evocations


You had 3 spell levels left.
You knew the following spells:

 Your Spells              Type           Power        Failure   Level  Hunger
b - Summon Butterflies    Summ           #######.     0%          1    None
g - Summon Guardian Gole  Hex/Summ       ######..     1%          4    ###....
i - Summon Ice Beast      Ice/Summ       ######..     1%          4    ###....
l - Summon Lightning Spi  Summ/Air       ######..     1%          4    ###....
t - Summon Forest         Summ/Tloc      ######....   2%          5    #####..
F - Flight                Chrm/Air       #####.....   1%          3    #......


Dungeon Overview and Level Annotations

Branches:
Dungeon (13/15)            Temple (1/1) D:4            Lair (8/8) D:8
  Swamp (4/5) Lair:6       Spider (0/5) Lair:4        Slime (0/6) Lair:6
    Orc (0/4) D:12
 Vaults: D:13-14

Altars:
Ashenzari
Cheibriados
Dithmenos
Elyvilon
Fedhas
Gozag
Kikubaaqudgha
Makhleb
Nemelex Xobeh
Okawaru
Qazlal
Ru
Sif Muna
Trog
Vehumet
Xom
Yredelemnul
Zin
The Shining One
Jiyva

Shops:
D:6 *


Innate Abilities, Weirdness & Mutations

You heal slowly.
You can bottle blood from corpses.
You have razor-sharp teeth.
You have supernaturally acute eyesight.
You can survive without breathing.
You possess an exceptional clarity of mind.
Your flesh is heat resistant.


Message History

The alligator bites you!
* * * LOW HITPOINT WARNING * * *
The alligator tail-slaps you but does no damage.
The alligator bites you but does no damage.
The alligator tail-slaps you.
* * * LOW HITPOINT WARNING * * *
Tree limbs sway around you.
A tree reaches out and hits the alligator!
You completely miss the alligator.
The alligator is heavily wounded.
The alligator bites you!
* * * LOW HITPOINT WARNING * * *
The alligator tail-slaps you.
* * * LOW HITPOINT WARNING * * *
Your dryad waves at you.
Your dryad calls out to the forest.
Vines fly forth from the trees!
Your ice beast hits the alligator but does no damage.
The alligator bites you!!
You die...

♣§.≈≈≈≈§≈♣ ♣..≈.≈
♣♣.≈≈≈.≈♣♣
♣♣≈≈≈≈.≈≈ ♣.≈≈.§.≈♣
♣..≈≈≈≈≈..
♣♣†..§≈≈♣
♣.♣≈≈≈≈.w♣
♣♣...≈≈♣♣♣.♣≈.≈≈≈≈♣
♣...≈..♣♣≈≈≈...≈≈≈.
♣♣.≈≈♣.♣♣R.>...§≈♣
♣≈≈≈≈.♣♣tY≈≈≈≈≈...
♣♣.≈≈.♣♣@≈≈≈≈≈≈≈♣
♣.≈≈.♣..≈≈≈≈≈≈≈♣
♣.≈≈≈..≈≈≈≈≈≈!♣♣
♣...≈≈.≈♣≈≈≈♣≈♣
♣♣.♣≈≈.≈≈≈≈≈.≈♣ ♣
♣.≈≈≈≈≈≈≈≈≈.♣ ♣♣♣
♣≈≈≈≈≈≈.≈≈≈.♣ ♣.
..♣♣ ♣.≈♣≈≈≈.♣≈..♣
♣. ≈≈≈♣♣♣
♣≈≈≈.≈≈≈≈≈.♣♣ ♣♣.


You could see an alligator, a friendly dryad and a friendly ice beast.

Vanquished Creatures
  2 thorn hunters (Swamp:4)
  Maud (Lair:8)
  3 hydras
  Erica (Lair:8)
  5 death yaks
  6 alligators
  A spriggan druid (Swamp:3)
  4 swamp dragons
  2 orc knights (Bailey)
  A shambling mangrove (Swamp:2)
  2 ice statues
  A griffon (Lair:8)
  3 black mambas
  2 centaur zombies
  11 elephants
  11 spiny frogs
  4 komodo dragons
  A two-headed ogre (D:11)
  9 polar bears
  A giant leech (Swamp:4)
  2 blink frogs (Lair:7)
  2 slime creatures (Swamp:2)
  5 bog bodies
  A basilisk (Lair:3)
  A shadow (Swamp:3)
  8 hippogriffs
  10 yaks
  12 vampire mosquitoes
  A steam dragon (D:10)
  A hungry ghost (D:9)
  10 wolves (Lair:8)
  11 insubstantial wisps
  4 ice beasts
  4 wargs (Lair:8)
  2 swamp drakes
  7 swamp worms
  5 black bears (Lair:8)
  9 porcupines
  13 water moccasins
  4 hell hounds (Lair:8)
  7 orc warriors (Bailey)
  3 ogres
  A boring beetle (Lair:7)
  3 centaurs
  Sigmund (D:3)
  Duvessa (D:9)
  8 crocodiles
  13 giant frogs
  A scorpion (D:4)
  A jelly (D:12)
  An electric eel (Lair:6)
  3 wights
  2 crimson imps
  17 hounds
  2 orc priests (D:11)
  5 orc wizards
  3 centaur skeletons
  A giant frog skeleton (D:10)
  4 iguanas
  4 worker ants
  11 sheep
  Ijyb (D:5)
  A big kobold zombie (Ossuary)
  A mummy (Ossuary)
  A hound skeleton (D:4)
  4 gnolls (D:5)
  17 adders
  31 river rats
  A worm (D:2)
  2 adder zombies
  5 giant geckos
  3 oozes
  21 orcs
  19 bats
  4 gnoll zombies (Ossuary)
  4 goblins
  12 hobgoblins
  14 jackals
  12 quokkas
  2 ball pythons (D:1)
  5 giant cockroaches
  4 giant newts
  2 hobgoblin zombies (Ossuary)
  10 kobolds
  5 kobold zombies (Ossuary)
  A quokka skeleton (D:10)
  10 rats
  5 ballistomycetes
  A fungus (Lair:5)
  4 plants (Lair:8)
477 creatures vanquished.

Vanquished Creatures (collateral kills)
  A spectral weapon (Swamp:4)
  Gastronok (D:10)
  An ice dragon (IceCv)
  Fannar (Lair:2)
  12 hydras
  The ghost of DEFE the Blocker, an experienced DDFi of Makhleb (Bailey)
  A tengu warrior (D:11)
  4 death yaks
  2 unseen horrors
  2 swamp dragons
  Erolcha (D:12)
  A hill giant (D:11)
  An orc knight (Bailey)
  2 red wasps (Swamp:3)
  2 ugly things
  6 slime creatures
  A black mamba (Lair:6)
  6 spiny frogs
  18 elephants
  A kobold demonologist (D:12)
  3 komodo dragons
  3 fire drakes
  A tengu conjurer (D:11)
  A merfolk (D:11)
  A giant leech (Swamp:3)
  4 polar bears
  3 trolls
  A two-headed ogre (D:12)
  15 blink frogs
  3 ravens (D:11)
  2 bog bodies
  A basilisk (Lair:8)
  The ghost of Mygna the Chiller, an average HEIE of Vehumet (D:4)
  4 spriggans
  A centaur simulacrum (D:12)
  A wraith (D:11)
  33 yaks
  A deep elf fighter (D:11)
  2 shadows
  8 swamp worms
  A hippogriff (D:11)
  16 vampire mosquitoes
  A soldier ant (D:11)
  4 wolves
  4 water moccasins
  4 wargs
  4 porcupines
  A mottled dragon (D:12)
  33 ice beasts
  A swamp drake (Swamp:4)
  8 black bears
  8 orc warriors
  3 yellow wasps
  2 phantoms
  3 ogres
  2 big kobolds
  15 crocodiles
  6 giant frogs
  A wyvern skeleton (D:9)
  A wyvern zombie (D:11)
  2 water moccasin zombies (Ossuary)
  A scorpion (D:8)
  8 wights
  A killer bee (D:10)
  A polar bear skeleton (D:12)
  7 electric eels
  Dowan (D:9)
  4 orc priests
  3 crimson imps
  6 hounds
  2 goliath beetles
  4 centaur zombies
  2 iguanas
  4 centaur skeletons
  2 giant frog skeletons
  3 worker ants
  An orc wizard (D:5)
  18 sheep
  Jessica (D:3)
  2 giant frog simulacra (D:12)
  3 mummies
  8 gnolls
  7 adders
  54 river rats
  6 shadow imps
  A white imp (D:12)
  A worm (D:4)
  An ufetubus (D:12)
  An adder zombie (D:6)
  19 orcs
  2 bats
  4 goblins
  3 hobgoblins
  3 jackals
  3 quokkas
  A giant gecko zombie (D:7)
  A giant spore (D:11)
  A hobgoblin zombie (Ossuary)
  10 kobolds
  3 kobold zombies
  3 orc zombies
  2 rats
  15 ballistomycetes
  9 fungi
  10 plants
516 creatures vanquished.

Vanquished Creatures (others)
  Asterion (Swamp:4)
  An ice dragon (IceCv)
  2 elephants (Lair:2)
  10 dryads
  25 guardian golems
  11 wargs
  33 wolves
  A lightning spire (Lair:8)
  137 ice beasts
  4 killer bees (D:10)
  11 crimson imps
  An iguana (D:10)
  20 hounds
  A river rat (Lair:3)
  4 shadow imps
  11 white imps
  A bat (Bailey)
  2 quokkas
  3 giant spores
  A rat (Bailey)
  A butterfly (Lair:3)
  2 fungi
  4 plants (Lair:8)
  6 snaplasher vines
  670 snaplasher vine segments
963 creatures vanquished.

Grand Total: 1956 creatures vanquished

Notes
Turn   | Place    | Note
--------------------------------------------------------------
     0 | D:1      | PolkaDot, the Vampire Summoner, began the quest for the Orb.
     0 | D:1      | Reached XP level 1. HP: 13/13 MP: 3/3
   131 | D:1      | Reached skill level 1 in Fighting
   273 | D:1      | Reached XP level 2. HP: 21/21 MP: 4/4
   277 | D:1      | Learned a level 2 spell: Call Imp
   766 | D:1      | Reached XP level 3. HP: 28/28 MP: 6/6
  1187 | D:2      | Learned a level 3 spell: Call Canine Familiar
  1541 | D:3      | Found a blossoming altar of Fedhas.
  1546 | D:3      | Noticed Jessica
  1548 | D:3      | Noticed Sigmund
  1568 | D:3      | Killed Jessica
  1630 | D:3      | Killed Sigmund
  1630 | D:3      | Reached XP level 4. HP: 35/37 MP: 4/7
  1935 | D:3      | Reached XP level 5. HP: 37/43 MP: 9/9
  2670 | D:4      | Reached skill level 5 in Fighting
  2789 | D:4      | Found a bloodstained altar of Trog.
  3019 | D:4      | Found a staircase to the Ecumenical Temple.
  3059 | D:4      | Reached XP level 6. HP: 45/51 MP: 10/10
  3067 | Temple   | Entered the Ecumenical Temple
  3277 | Temple   | Became a worshipper of Sif Muna the Loreminder
  3335 | D:4      | Found a white marble altar of Elyvilon.
  3785 | D:4      | Noticed Mygna's ghost (average HEIE)
  3808 | D:4      | Killed Mygna's ghost
  3808 | D:4      | Reached skill level 6 in Fighting
  3952 | D:4      | Noticed an ogre
  3959 | D:4      | Killed an ogre
  3959 | D:4      | Reached XP level 7. HP: 23/59 MP: 8/12
  4029 | D:4      | Learned a level 4 spell: Summon Ice Beast
  4069 | D:5      | Entered Level 5 of the Dungeon
  4227 | D:5      | Reached skill level 7 in Fighting
  4414 | D:5      | Noticed Ijyb
  4445 | D:5      | Killed Ijyb
  5054 | D:5      | Found a shadowy altar of Dithmenos.
  5090 | D:5      | Reached skill level 1 in Ice Magic
  5388 | D:5      | Reached skill level 5 in Summonings
  5388 | D:5      | Reached XP level 8. HP: 50/68 MP: 10/13
  5540 | D:6      | Found a shattered altar of Ashenzari.
  5544 | D:6      | Found Riet's Assorted Antiques.
  5562 | D:6      | Bought a translucent leather armour for 168 gold pieces
  5598 | D:6      | Identified the +0 leather armour of Wrong Decisions {+Fly} (You bought it in a shop on level 6 of the Dungeon)
  5685 | D:6      | Found a sand-covered staircase.
  5690 | Ossuary  | Entered an ossuary
  6149 | Ossuary  | Reached skill level 1 in Evocations
  6228 | D:6      | Acquired Sif Muna's first power
  6886 | D:7      | HP: 3/68 [centaur/arrow (16)]
  7038 | D:7      | Reached skill level 5 in Ice Magic
  7258 | D:7      | Found a sparkling altar of Nemelex Xobeh.
  7879 | D:8      | Reached XP level 9. HP: 43/74 MP: 0/14
  8107 | D:8      | Reached skill level 8 in Fighting
  8109 | D:8      | Found a staircase to the Lair.
  8476 | D:8      | Gained mutation: You possess an exceptional clarity of mind. [potion of mutation]
  8476 | D:8      | Gained mutation: Your flesh is heat resistant. [potion of mutation]
  8512 | D:8      | Acquired Sif Muna's second power
  8582 | D:8      | Found a shimmering altar of Xom.
  8582 | D:8      | Noticed an angel
  8583 | D:8      | Found a glowing silver altar of Zin.
  8718 | D:8      | Noticed a centaur skeleton
  8741 | D:8      | Killed a centaur skeleton
  9215 | D:9      | Found a burning altar of Makhleb.
  9257 | D:9      | Found a flagged portal.
  9364 | Bailey   | Entered a bailey
  9364 | Bailey   | Noticed an orc knight
  9366 | Bailey   | Noticed an orc knight
  9368 | Bailey   | Killed an orc knight
  9368 | Bailey   | Reached skill level 5 in Evocations
  9370 | Bailey   | Killed an orc knight
  9370 | Bailey   | Reached XP level 10. HP: 80/80 MP: 18/18
  9384 | Bailey   | Noticed an orc knight
  9398 | Bailey   | Killed an orc knight
  9402 | Bailey   | Noticed DEFE's ghost (experienced DDFi)
  9438 | Bailey   | Killed DEFE's ghost
  9438 | Bailey   | Reached skill level 9 in Summonings
  9640 | D:9      | Reached skill level 5 in Dodging
 10300 | D:9      | Learned a level 4 spell: Summon Guardian Golem
 10845 | D:9      | Noticed Dowan
 10846 | D:9      | Noticed Duvessa
 10864 | D:9      | Killed Duvessa
 10866 | D:9      | Killed Dowan
 11510 | D:10     | Entered Level 10 of the Dungeon
 11914 | D:10     | Reached skill level 5 in Stealth
 11929 | D:10     | Reached skill level 10 in Summonings
 11989 | D:10     | Noticed Gastronok
 12003 | D:10     | Killed Gastronok
 12030 | D:11     | Noticed a tengu warrior
 12354 | D:11     | Acquired Sif Muna's third power
 12577 | D:11     | Noticed an unseen horror
 12600 | D:11     | Killed an unseen horror
 12600 | D:11     | Reached skill level 5 in Hexes
 12600 | D:11     | Reached XP level 11. HP: 48/86 MP: 12/20
 12792 | D:11     | Killed a tengu warrior
 13068 | D:11     | Noticed a brown ugly thing
 13140 | D:11     | Killed a brown ugly thing
 13184 | D:11     | Noticed a hill giant
 13189 | D:11     | Killed a hill giant
 13942 | D:11     | Reached skill level 11 in Summonings
 14392 | D:12     | Noticed Erolcha
 14402 | D:12     | Killed Erolcha
 14438 | D:12     | Found a staircase to the Orcish Mines.
 14551 | D:12     | Noticed a soul eater
 14568 | D:12     | Noticed an unseen horror
 14583 | D:12     | Killed an unseen horror
 14787 | D:12     | Noticed an eight-headed hydra
 14827 | D:12     | Killed an eight-headed hydra
 14983 | D:12     | Found a frozen archway.
 14983 | D:12     | Noticed an ice statue
 15060 | IceCv    | Entered an ice cave
 15483 | IceCv    | Reached skill level 12 in Summonings
 15506 | IceCv    | Noticed an ice statue
 15506 | IceCv    | Noticed an ice statue
 15522 | IceCv    | Killed an ice statue
 15641 | IceCv    | Noticed an ice dragon
 15648 | IceCv    | Noticed an ice dragon
 15708 | IceCv    | Killed an ice dragon
 15708 | IceCv    | Reached skill level 10 in Stealth
 15733 | IceCv    | Got a wavering ivory ring
 15735 | IceCv    | Got a shimmering gossamer ring
 15759 | IceCv    | Killed an ice dragon
 15759 | IceCv    | Reached XP level 12. HP: 23/93 MP: 8/21
 16098 | IceCv    | Identified the ring "Rasmoy" {EV+3 Slay+4} (You found it in an ice cave)
 16099 | IceCv    | Identified the ring "Fiusolig" {rF+ Int+3 Dex+4} (You found it in an ice cave)
 16382 | IceCv    | Learned a level 4 spell: Summon Lightning Spire
 16408 | D:12     | Killed an ice statue
 16408 | D:12     | Reached skill level 1 in Air Magic
 17668 | Lair:1   | Entered Level 1 of the Lair of Beasts
 18027 | Lair:1   | Got a bloodstained quarterstaff
 18028 | Lair:1   | Identified the +7 quarterstaff of Battle {crush, rC+ Str+3} (You found it on level 1 of the Lair of Beasts)
 19402 | Lair:2   | Received a gift from Sif Muna
 19403 | Lair:2   | Identified Sif Muna's Handbook of Illusion and Execration {god gift} (Sif Muna gifted it to you on level 2 of the Lair of Beasts)
 19690 | Lair:2   | Reached skill level 5 in Air Magic
 20068 | Lair:2   | Noticed an eight-headed hydra
 20077 | Lair:2   | Killed an eight-headed hydra
 20170 | Lair:2   | Noticed Fannar
 20201 | Lair:2   | Killed Fannar
 20222 | Lair:2   | Learned a level 1 spell: Summon Butterflies
 20605 | Lair:3   | Reached skill level 1 in Staves
 20805 | Lair:3   | Noticed a seven-headed hydra
 20819 | Lair:3   | Killed a seven-headed hydra
 21796 | Lair:4   | Found a hole to the Spider Nest.
 21806 | Lair:4   | Noticed a seven-headed hydra
 21823 | Lair:4   | Reached skill level 13 in Summonings
 21825 | Lair:4   | Killed a seven-headed hydra
 22137 | Lair:4   | Learned a level 3 spell: Flight
 22592 | Lair:5   | Reached XP level 13. HP: 98/98 MP: 24/24
 22841 | Lair:5   | Reached skill level 5 in Staves
 22843 | Lair:5   | Reached skill level 5 in Spellcasting
 23730 | Lair:6   | Reached skill level 1 in Charms
 23782 | Lair:6   | Found a viscous altar of Jiyva.
 23784 | Lair:6   | Found a staircase to the Slime Pits.
 23840 | Lair:6   | Received a gift from Sif Muna
 23841 | Lair:6   | Identified Sif Muna's Guide on Calling {god gift} (Sif Muna gifted it to you on level 6 of the Lair of Beasts)
 23861 | Lair:6   | Found a staircase to the Swamp.
 24866 | Lair:7   | Reached skill level 5 in Charms
 24874 | Lair:7   | Learned a level 5 spell: Summon Forest
 25114 | Lair:8   | Entered Level 8 of the Lair of Beasts
 25250 | Lair:8   | Reached skill level 14 in Summonings
 25280 | Lair:8   | Noticed Maud
 25331 | Lair:8   | Killed Maud
 25538 | Lair:8   | Reached XP level 14. HP: 45/105 MP: 6/26
 25752 | Lair:8   | Reached skill level 1 in Translocations
 26284 | Lair:8   | Received a gift from Sif Muna
 26300 | Lair:8   | Identified Sif Muna's Collected Works on Aid {god gift} (Sif Muna gifted it to you on level 8 of the Lair of Beasts)
 26390 | Lair:8   | Noticed Erica
 26400 | Lair:8   | Killed Erica
 26509 | Swamp:1  | Entered Level 1 of the Swamp
 27496 | Swamp:2  | Got a pitted leather armour
 27497 | Swamp:2  | Identified the +2 leather armour "Xithiz" {rF+} (You found it on level 2 of the Swamp)
 27933 | Swamp:2  | Reached skill level 5 in Translocations
 28361 | Swamp:2  | Reached skill level 15 in Summonings
 29564 | Swamp:4  | Noticed a thorn hunter
 29565 | Swamp:4  | Killed a thorn hunter
 29630 | Swamp:4  | Noticed a thorn hunter
 29641 | Swamp:4  | Killed a thorn hunter
 29641 | Swamp:4  | Reached XP level 15. HP: 60/110 MP: 7/27
 29842 | Swamp:4  | Noticed Asterion
 29854 | Swamp:4  | Noticed a spectral weapon
 29876 | Swamp:4  | Noticed a spectral weapon
 29903 | Swamp:4  | Killed a spectral weapon
 29908 | Swamp:4  | Killed Asterion
 30347 | Swamp:4  | Mangled by an alligator

Action                   |  1- 3 |  4- 6 |  7- 9 | 10-12 | 13-15 || total
-------------------------+-------+-------+-------+-------+-------++-------
Melee: Unarmed           |    38 |       |       |       |       ||    38
       Short sword       |    47 |       |       |       |       ||    47
       Spear             |    87 |   269 |   578 |    49 |       ||   983
       Halberd           |       |       |       |   553 |       ||   553
       Quarterstaff      |       |       |       |   112 |   472 ||   584
       Lajatang          |       |       |       |       |   251 ||   251
 Cast: Summon Small Mamm |     6 |       |     1 |     4 |       ||    11
       Call Imp          |     6 |     7 |    33 |    31 |       ||    77
       Call Canine Famil |     2 |     9 |    35 |    86 |    10 ||   142
       Summon Ice Beast  |       |       |    27 |   259 |   163 ||   449
       Summon Guardian G |       |       |       |    24 |    18 ||    42
       Summon Lightning  |       |       |       |     4 |     6 ||    10
       Summon Butterflie |       |       |       |     1 |       ||     1
       Summon Forest     |       |       |       |       |    30 ||    30
       Flight            |       |       |       |       |     7 ||     7
Invok: Channel Energy    |       |       |    41 |   322 |   205 ||   568
 Abil: Evoke Flight      |       |       |     3 |     1 |       ||     4
       End Transformatio |       |       |       |     2 |       ||     2
       Bat Form          |       |       |       |     2 |       ||     2
Evoke: Wand              |       |       |     4 |    21 |       ||    25
  Use: Potion            |    11 |    16 |    32 |    30 |    80 ||   169
       Scroll            |       |     8 |    11 |    20 |    13 ||    52
 Stab: Distracted        |     1 |       |    12 |    13 |     8 ||    34
       Sleeping          |     8 |     6 |     8 |    23 |    58 ||   103
       Paralysed         |       |       |    24 |     1 |       ||    25
       Invisible         |       |       |       |       |     2 ||     2
       Confused          |       |       |       |       |     1 ||     1
       Fleeing           |       |       |       |       |     1 ||     1
  Eat: Corpse            |     8 |       |    16 |    66 |    10 ||   100
